Map: Terrasses de Prion

Players

Älkøra

  • Race: Zerg Zerg
  • League: Platinum

Worming - Winner!

  • Race: Zerg Zerg
  • League: Platinum

VOD

Have the link to the VOD?

Description

Time

  • Played on: Nov. 12, 2015, 12:45 p.m.
  • Length: 7:58
Show
View Real Time Build Order
Export as new Build Order

Älkøra Zerg 

Build Orders: Hatch First 

Get SALT Encoding   

  12  0:01  Drone  
  13  0:08  Drone  
  14  0:17  Overlord  
  14  0:25  Drone, Extractor  
  15  0:35  Drone x2  
  17  0:55  Drone  
  17  0:56  Hatchery  
  17  1:09  Spawning Pool  
  16  1:11  Drone  
  16  1:15  Extractor  
  16  1:16  Drone  
  17  1:32  Overlord  
  17  1:35  Drone  
  18  1:43  Drone  
  19  1:51  Drone  
  20  1:56  Queen  
  20  2:00  Zergling x2  
  23  2:08  Queen  
  23  2:09  Zergling x2  
  23  2:13  Drone  
  27  2:19  Metabolic Boost  
  27  2:21  Drone x2  
  29  2:36  Drone x2  
  31  2:42  Evolution Chamber  
  30  2:46  Baneling Nest  
  28  2:53  Spine Crawler  
  28  2:56  Drone x4  
  31  3:05  Zergling x4  
  33  3:14  Drone  
  33  3:18  Drone, Extractor  
  34  3:23  Zergling x2  
  34  3:26  Overlord x2  
  35  3:47  Drone x3  
  35  3:48  Drone x2  
  40  3:53  Zerg Ground Armor Level 1  
  40  3:56  Zergling x4, Hatchery  
  39  4:12  Zergling x10  
  39  4:13  Zergling x4  
  44  4:27  Drone x3  
  47  4:32  Lair  
  47  4:36  Roach Warren  
  38  4:58  Zergling x2  
  38  4:59  Zergling x18  
  48  5:03  Extractor  
  47  5:08  Queen  
  47  5:12  Zergling x6  
  52  5:26  Roach x2  
  52  5:27  Roach  
  55  5:29  Zergling x8  
  55  5:30  Zergling x2  
  54  5:39  Roach x2  
  56  5:48  Roach  
  56  5:49  Roach  
  53  5:57  Roach x2  
  53  5:59  Queen  
  53  6:00  Overlord x2  
  57  6:06  Ravager  
  57  6:19  Drone x2  
  57  6:20  Drone  
  57  6:21  Drone x4  
  64  6:27  Drone x3  
  64  6:28  Drone x4  
  64  6:29  Drone  
  72  6:33  Roach  
  72  6:39  Zergling x10  
  70  6:45  Roach  
  70  6:46  Ravager  
  70  6:55  Zergling x2  
  70  6:56  Zergling x14  
  70  6:59  Roach  
  73  7:04  Zergling x2  
  73  7:05  Overlord x2  
  73  7:12  Spine Crawler  
  68  7:22  Roach x3  
  72  7:23  Roach  
  69  7:38  Roach x8  
Show
View Real Time Build Order
Export as new Build Order

Worming Zerg - Winner!

Build Orders: Pool First 

Get SALT Encoding   

  12  0:01  Drone  
  13  0:12  Overlord  
  13  0:17  Drone  
  14  0:30  Drone x2  
  14  0:34  Drone  
  17  0:48  Drone, Spawning Pool  
  17  1:09  Hatchery  
  16  1:14  Drone  
  17  1:19  Drone, Extractor  
  17  1:21  Drone  
  18  1:30  Drone  
  19  1:34  Queen  
  21  1:45  Overlord  
  21  1:53  Zergling x2  
  22  2:05  Zergling x2  
  23  2:17  Drone  
  23  2:22  Queen  
  24  2:23  Drone  
  24  2:26  Metabolic Boost  
  27  2:30  Drone  
  28  2:40  Overlord  
  28  2:42  Drone  
  28  2:43  Drone  
  30  2:46  Baneling Nest  
  28  3:04  Roach Warren  
  28  3:05  Drone  
  28  3:06  Extractor  
  28  3:12  Hatchery  
  26  3:17  Drone  
  26  3:18  Drone x2  
  29  3:31  Drone x3  
  32  3:34  Zergling x6  
  34  3:48  Spine Crawler  
  33  3:49  Roach x2  
  33  3:54  Roach  
  38  4:13  Roach x2  
  38  4:14  Overlord  
  45  4:24  Roach x3  
  45  4:25  Overlord  
  47  4:33  Lair  
  47  4:36  Drone x3  
  50  4:46  Evolution Chamber  
  49  5:01  Roach x3  
  49  5:03  Overlord  
  55  5:13  Baneling  
  54  5:15  Roach x2  
  52  5:36  Roach  
  52  5:37  Roach x7  
  66  5:54  Roach x2  
  66  5:56  Overlord  
  68  6:00  Glial Reconstitution  
  56  6:13  Roach x2  
  56  6:14  Zergling x4  
  62  6:25  Extractor  
  61  6:37  Hatchery  
  56  6:43  Roach x5  
  58  6:57  Roach x3  
  58  6:59  Zergling x8  
  64  7:10  Zergling x4  
  64  7:13  Ravager  
  58  7:23  Roach x2  
  59  7:38  Roach  
Tags
 
Add a new tag
Caveats
  • Supply blocks, unpowered buildings, or Contaminate may cause inaccurate times.
  • Supply counts are checked every 10 seconds.